 Dungeon Crawl Stone Soup version 0.28.0-43-g3370ac3207 (webtiles) character file.

Game seed: 9596294611499090935

2701 jimonade the Carver (level 9, 0/68 HPs)
             Began as a Gnoll Wanderer on Mar 14, 2022.
             Succumbed to a killer bee's poison
             ... on level 8 of the Dungeon on Mar 15, 2022.
             The game lasted 00:32:40 (8321 turns).

jimonade the Carver (Gnoll Wanderer)                Turns: 8321, Time: 00:32:41

Health: 0/68       AC: 14    Str: 12    XL:     9   Next: 65%
Magic:  15/15      EV:  7    Int: 10    God:
Gold:   400        SH:  0    Dex: 17    Spells: 16/16 levels left

rFire   + . .      SeeInvis +   u - +5 quarterstaff (chaos)
rCold   . . .      Faith    .   (shield currently unavailable)
rNeg    . . .      Spirit   .   y - +0 chain mail
rPois   .          Reflect  .   v - +0 helmet
rElec   .          Harm     .   A - +0 cloak
rCorr   .          Rampage  .   c - +0 pair of gloves
Will    .....                   m - +0 pair of boots
Stlth   ..........              (no amulet)
HPRegen 0.21/turn               N - ring of protection from fire
MPRegen 0.14/turn               k - ring of see invisible

@: mighty, lethally poisoned (0 -> -2)
A: fangs 1, strong nose, distributed training
a: no special abilities


You were on level 8 of the Dungeon.
You visited 1 branch of the dungeon, and saw 8 of its levels.

You collected 400 gold pieces.

Inventory:

Hand Weapons
 h - a +2 war axe
 o - a +1 short sword of venom
 s - a +0 whip of freezing
 u - a +5 quarterstaff of chaos (weapon)
 z - a +3 short sword of flaming
 H - a +3 spear
Missiles
 l - a throwing net (quivered)
 n - 142 stones
 w - 105 arrows
 F - 8 atropa-tipped darts
 K - 3 boomerangs
 L - 2 poisoned darts
Armour
 c - a +0 pair of gloves (worn)
 m - a +0 pair of boots (worn)
 v - a +0 helmet (worn)
 y - a +0 chain mail (worn)
 A - a +0 cloak (worn)
 D - a +2 robe
 M - +0 steam dragon scales
Jewellery
 e - a +6 ring of intelligence
 k - a ring of see invisible (right hand)
 r - a ring of ice
 I - an amulet of faith
 N - a ring of protection from fire (left hand)
Wands
 x - a wand of iceblast (8)
 B - a wand of polymorph (17)
 E - a wand of paralysis (4)
 J - a wand of charming (4)
Scrolls
 b - a scroll of vulnerability
 d - a scroll of fog
 p - 4 scrolls of identify
Potions
 a - a potion of mutation {unknown}
 f - a potion of degeneration {unknown}
 i - 2 potions of cancellation
 j - a potion of haste {unknown}
 q - 3 potions of berserk rage
 t - a potion of invisibility {unknown}
 G - 2 potions of lignification {unknown}


   Skills:
 + Level 5.2 Fighting
 + Level 4.4 Short Blades
 + Level 11.3 Long Blades
 + Level 4.4 Axes
 + Level 4.4 Maces & Flails
 + Level 4.4 Polearms
 + Level 4.4 Staves
 + Level 4.4 Slings
 + Level 4.4 Bows
 + Level 4.4 Crossbows
 + Level 5.2 Throwing
 + Level 5.2 Armour
 + Level 4.4 Dodging
 + Level 6.2 Stealth
 + Level 4.4 Shields
 + Level 4.4 Unarmed Combat
 + Level 4.4 Spellcasting
 + Level 3.6 Conjurations
 + Level 3.6 Hexes
 + Level 3.6 Summonings
 + Level 3.6 Necromancy
 + Level 3.6 Translocations
 + Level 3.6 Transmutations
 + Level 3.6 Fire Magic
 + Level 3.6 Ice Magic
 + Level 3.6 Air Magic
 + Level 3.6 Earth Magic
 + Level 3.6 Poison Magic
 + Level 4.9 Invocations
 + Level 4.4 Evocations


You had 16 spell levels left.
You didn't know any spells.
Your spell library contained the following spells:

 Spells                   Type           Power      Damage    Failure   Level
 Foxfire                  Conj/Fire      36%        2x1d5     86%         1
 Conjure Flame            Conj/Fire      9%         6-21      99%         3
 Inner Flame              Hex/Fire       9%         N/A       99%         3
 Flame Wave               Conj/Fire      9%         2d5       100%        4
 Summon Forest            Summ/Tloc      4%         N/A       100%        5
 Summon Mana Viper        Hex/Summ       9%         N/A       100%        5
 Summon Cactus Giant      Summ           4%         N/A       100%        6


Dungeon Overview and Level Annotations

Branches:
Dungeon (8/15)             Temple (0/1) D:4
   Lair: D:8-11

Altars:
Xom

Annotations:
D:7 2 transporters, GilGalad's ghost, novice HOFi


Innate Abilities, Weirdness & Mutations

You have very sharp teeth.
Your uncanny sense of smell can sniff out nearby items.
Your experience applies equally to all skills.


Message History

The killer bee poisons you!
The killer bee stings you but does no damage. x2
You feel very mighty all of a sudden.
* * * LOW HITPOINT WARNING * * *
You feel sick. The killer bee barely misses you.
The killer bee closely misses you.
The killer bee stings you but does no damage.
The killer bee closely misses you.
You feel better.
The killer bee stings you but does no damage.
The killer bee barely misses you. The killer bee stings you.
* * * LOW HITPOINT WARNING * * *
The killer bee closely misses you.
Okay, then.
You thump the killer bee!
The killer bee looks as sick as possible!
You bite the killer bee.
You kill the killer bee!
The killer bee stings you but does no damage. x2
You sock the killer bee! You drain the killer bee.
The killer bee is severely wounded.
The killer bee stings you.
* * * LOW HITPOINT WARNING * * *
The killer bee stings you.
* * * LOW HITPOINT WARNING * * *
You are lethally poisoned!
The killer bee poisons you!
The killer bee stings you but does no damage.
You completely miss the killer bee.
The killer bee is severely wounded.
* * * LOW HITPOINT WARNING * * *
You feel sick.
The killer bee stings you but does no damage. x2
You thump the killer bee!
You kill the killer bee!
* * * LOW HITPOINT WARNING * * *
You feel sick.
* * * LOW HITPOINT WARNING * * *
You feel sick.
You die...

#....................
#....................
#..<.................
#.......>............
#....................
#....................
#............<..[....
###...................y
#........@.............
#.#....................
#.#....................
#.....#.........#.###
#####.########### #.#
#.# #.# #.#


There were no monsters in sight!

Vanquished Creatures
  Pikel (D:6)
  Sigmund (D:4)
  A water moccasin (D:5)
  A hornet zombie (D:6)
  2 ice beasts
  A necrophage (D:4)
  A bullfrog (D:7)
  A scorpion (D:6)
  5 wights (D:6)
  6 killer bees
  A howler monkey (D:6)
  A bullfrog zombie (D:7)
  4 centaur zombies
  4 jellies
  5 hounds
  A centaur skeleton (D:5)
  Crazy Yiuf (D:3)
  Jessica (D:2)
  A bullfrog skeleton (D:5)
  A gnoll shaman (D:6)
  2 iguanas
  Ijyb (D:3)
  4 orc wizards
  Natasha (twice) (D:3)
  A hound skeleton (D:4)
  Robin (D:2)
  4 gnolls (D:6)
  7 adders
  An ufetubus (D:4)
  2 worms (D:3)
  A dart slug (D:3)
  8 orcs
  6 endoplasms
  13 goblins
  11 hobgoblins
  4 jackals (D:2)
  A quokka (D:3)
  5 ball pythons
  3 bats
  3 frilled lizards
  6 kobolds
  7 rats
133 creatures vanquished.

Vanquished Creatures (others)
  3 plants
3 creatures vanquished.

Grand Total: 136 creatures vanquished

Notes
Turn   | Place    | Note
-------+----------+-------------------------------------------
     0 | D:1      | Reached skill level 10 in Long Blades
     0 | D:1      | jimonade the Gnoll Wanderer began the quest for the Orb.
     0 | D:1      | jimonade set off with the following items: a +0 long sword,
                  | a scroll of vulnerability, a +0 pair of gloves, a +0 robe
     0 | D:1      | Reached XP level 1. HP: 17/17 MP: 1/1
   772 | D:2      | Reached XP level 2. HP: 23/23 MP: 2/2
  1144 | D:2      | Noticed Robin
  1151 | D:2      | Killed Robin
  1152 | D:2      | Reached XP level 3. HP: 13/28 MP: 3/3
  1447 | D:2      | Reached skill level 1 in Invocations
  1539 | D:2      | Reached skill level 1 in Short Blades
  1539 | D:2      | Reached skill level 1 in Axes
  1539 | D:2      | Reached skill level 1 in Maces & Flails
  1539 | D:2      | Reached skill level 1 in Polearms
  1539 | D:2      | Reached skill level 1 in Staves
  1539 | D:2      | Reached skill level 1 in Slings
  1539 | D:2      | Reached skill level 1 in Bows
  1539 | D:2      | Reached skill level 1 in Crossbows
  1539 | D:2      | Reached skill level 1 in Dodging
  1539 | D:2      | Reached skill level 1 in Shields
  1539 | D:2      | Reached skill level 1 in Unarmed Combat
  1539 | D:2      | Reached skill level 1 in Spellcasting
  1539 | D:2      | Reached skill level 1 in Evocations
  1605 | D:2      | Reached XP level 4. HP: 33/34 MP: 5/5
  1717 | D:2      | Found a faded altar of an unknown god.
  1905 | D:2      | Noticed Jessica
  1907 | D:2      | Killed Jessica
  1908 | D:2      | Reached skill level 1 in Conjurations
  1908 | D:2      | Reached skill level 1 in Hexes
  1908 | D:2      | Reached skill level 1 in Summonings
  1908 | D:2      | Reached skill level 1 in Necromancy
  1908 | D:2      | Reached skill level 1 in Translocations
  1908 | D:2      | Reached skill level 1 in Transmutations
  1908 | D:2      | Reached skill level 1 in Fire Magic
  1908 | D:2      | Reached skill level 1 in Ice Magic
  1908 | D:2      | Reached skill level 1 in Air Magic
  1908 | D:2      | Reached skill level 1 in Earth Magic
  1908 | D:2      | Reached skill level 1 in Poison Magic
  2134 | D:3      | Noticed Ijyb
  2147 | D:3      | Killed Ijyb
  2148 | D:3      | Reached XP level 5. HP: 31/40 MP: 5/7
  2267 | D:3      | Found a runed translucent door.
  2268 | D:3      | Noticed Crazy Yiuf
  2683 | D:3      | Noticed Natasha
  2692 | D:3      | Killed Natasha
  2942 | D:3      | Noticed Natasha
  2950 | D:3      | Killed Natasha
  3018 | D:3      | Killed Crazy Yiuf
  3019 | D:3      | Reached XP level 6. HP: 38/47 MP: 8/8
  3213 | D:4      | Noticed a necrophage
  3218 | D:4      | Killed a necrophage
  3251 | D:4      | Noticed Sigmund
  3278 | D:4      | Killed Sigmund
  3279 | D:4      | Reached XP level 7. HP: 31/52 MP: 10/10
  3493 | D:4      | Found a staircase to the Ecumenical Temple.
  3642 | D:4      | Found a shimmering altar of Xom.
  3875 | D:5      | Entered Level 5 of the Dungeon
  4115 | D:5      | Reached skill level 5 in Stealth
  4235 | D:5      | Reached XP level 8. HP: 54/60 MP: 12/12
  5142 | D:6      | Noticed Pikel
  5159 | D:6      | Killed Pikel
  5160 | D:6      | Reached skill level 11 in Long Blades
  6066 | D:6      | Reached XP level 9. HP: 41/63 MP: 14/14
  6069 | D:6      | HP: 2/58 [wight/+3 spear (2)]
  7192 | D:7      | Found a transporter.
  7195 | D:7      | Noticed GilGalad's ghost (novice HOFi)
  7273 | D:7      | Reached skill level 5 in Fighting
  7273 | D:7      | Reached skill level 5 in Throwing
  7273 | D:7      | Reached skill level 5 in Armour
  7746 | D:7      | Found a transporter.
  8312 | D:8      | HP: 2/68 [poisoned by a killer bee]
  8318 | D:8      | HP: 3/68 [poisoned by a killer bee]
  8320 | D:8      | HP: 1/68 [poisoned by a killer bee]
  8321 | D:8      | Succumbed to a killer bee's poison

Illustrated notes

Levels and vault maps discovered:
D:1:      amcnicky_arrival_underground_garden, layout_loops_ring,
          chequers_serial_rivers_micro_c, minmay_hexomino_u4
D:2:      cheibrodos_greedy_goblins, layout_loops_ring,
          shapermc_ecumenical_altar_mp_ritualfount, uniq_jessica, uniq_robin
D:3:      minmay_angry_zag, layout_basic, uniq_crazy_yiuf_cottage, uniq_natasha,
          uniq_ijyb
D:4:      layout_rooms, mainiacjoe_overflow_catwalk, minmay_temple_entry_arrows,
          uniq_sigmund
D:5:      layout_rooms, st_stairs_7, minivault_4, nicolae_underground_beach
D:6:      layout_loops_corners, corexii_shack, minmay_increasing_density,
          uniq_pikel
D:7:      layout_cave_pools, gammafunk_ghost_arena
D:8:      layout_basic, chequers_serial_rivers_large_b, uniq_erica, uniq_maurice

Skill      XL: |  1  2  3  4  5  6  7  8  9 |
---------------+----------------------------+-----
Long Blades    | 11 | 11.3
Invocations    | 1 2 3 4 |  4.9
Short Blades   | 1 2 3 4 |  4.4
Axes           | 1 2 3 4 |  4.4
Maces & Flails | 1 2 3 4 |  4.4
Polearms       | 1 2 3 4 |  4.4
Staves         | 1 2 3 4 |  4.4
Slings         | 1 2 3 4 |  4.4
Bows           | 1 2 3 4 |  4.4
Crossbows      | 1 2 3 4 |  4.4
Dodging        | 1 2 3 4 |  4.4
Shields        | 1 2 3 4 |  4.4
Unarmed Combat | 1 2 3 4 |  4.4
Spellcasting   | 1 2 3 4 |  4.4
Evocations     | 1 2 3 4 |  4.4
Conjurations   | 1 2 3 |  3.6
Hexes          | 1 2 3 |  3.6
Summonings     | 1 2 3 |  3.6
Necromancy     | 1 2 3 |  3.6
Translocations | 1 2 3 |  3.6
Transmutations | 1 2 3 |  3.6
Fire Magic     | 1 2 3 |  3.6
Ice Magic      | 1 2 3 |  3.6
Air Magic      | 1 2 3 |  3.6
Earth Magic    | 1 2 3 |  3.6
Poison Magic   | 1 2 3 |  3.6
Fighting       | 3 4 5 |  5.2
Throwing       | 3 4 5 |  5.2
Armour         | 3 4 5 |  5.2
Stealth        | 5 6 |  6.2

Action                   |  1- 3 |  4- 6 |  7- 9 || total
-------------------------+-------+-------+-------++-------
Melee: Long sword        |    19 |       |       ||    19
       Bite              |     7 |    14 |    24 ||    45
       Short sword       |    60 |    91 |       ||   151
       Punch             |     2 |       |       ||     2
       Quarterstaff      |       |    23 |   257 ||   280
Throw: Dart              |       |       |     1 ||     1
  Use: Scroll            |       |       |    13 ||    13
       Potion            |       |       |     7 ||     7
 Stab: Sleeping          |     3 |     4 |       ||     7
       Petrified         |       |       |     4 ||     4
       Petrifying        |       |       |     1 ||     1
Armor: Robe              |     9 |       |       ||     9
       Leather armour    |    17 |     7 |       ||    24
       Chain mail        |       |    47 |   246 ||   293
Dodge: Dodged            |    37 |    37 |   105 ||   179
